 Dungeon Crawl Stone Soup version 0.30-a0-879-ga8ba668304 (webtiles) character file.

Game seed: 7910069948314771172

284 BubbleThief the Chopper (level 6, -5/48 (56) HPs)
             Began as a Hill Orc Fighter on Mar 12, 2023.
             Slain by a wight
             ... wielding a +4 war axe
              (6 damage)
             ... on level 3 of the Dungeon.
             The game lasted 00:04:17 (2801 turns).

BubbleThief the Chopper (Hill Orc Fighter)          Turns: 2801, Time: 00:04:18

HP:   -5/48 (56)    AC:  6    Str: 21    XL:     6   Next: 29%
MP:   6/6           EV:  9    Int:  8    God:
Gold: 165           SH:  4    Dex: 10    Spells: 5/5 levels left

rFire   . . .      SeeInvis .    a - +0 war axe
rCold   . . .      Faith    .    c - +0 buckler
rNeg    . . .      Spirit   .    b - +0 scale mail
rPois   .          Reflect  .    (no helmet)
rElec   .          Rampage  .    (no cloak)
rCorr   .                        (no gloves)
Will    .....                    (no boots) Stlth
                                 (no amulet)
HPRegen 0.28/turn                (no ring)
MPRegen 0.10/turn                (no ring)

@: heavily drained
A: no striking features
a: no special abilities


You were on level 3 of the Dungeon.
You visited 1 branch of the dungeon, and saw 4 of its levels.

You collected 165 gold pieces.

Inventory:

Hand Weapons
 a - a +0 war axe (weapon)
Armour
 b - a +0 scale mail (worn)
 c - a +0 buckler (worn)
Jewellery
 q - an amulet of regeneration
 w - a ring of poison resistance
Wands
 v - a wand of flame (20)
Scrolls
 f - 3 scrolls of blinking {unknown}
 h - a scroll of immolation {unknown}
 i - 2 scrolls of teleportation {unknown}
 j - 3 scrolls of identify {unknown}
 k - a scroll of enchant weapon {unknown}
 l - a scroll of fog {unknown}
 n - a scroll of enchant armour {unknown}
 o - a scroll of acquirement {unknown}
 s - a scroll of vulnerability {unknown}
Potions
 d - a potion of might
 e - 2 potions of brilliance
 g - a potion of haste {unknown}
 m - 2 potions of curing {unknown}
 p - 2 potions of mutation {unknown}
 r - a potion of cancellation {unknown}
 t - a potion of berserk rage {unknown}
 u - a potion of attraction {unknown}


   Skills:
 + Level 5.5 Fighting
 * Level 7.1 Axes
 - Level 3.2 Armour
 - Level 3.2 Shields


You had 5 spell levels left.
You didn't know any spells.
Your spell library contained the following spells:

 Spells                   Type           Power      Damage    Failure   Level
 Inner Flame              Hex/Fire       0%         N/A       99%         3
 Flame Wave               Conj/Fire      0%         2d4       100%        4
 Sticky Flame             Conj/Fire      0%         2d3       100%        4
 Conjure Ball Lightning   Conj/Air       0%         3x3d6     100%        6
 Discord                  Hex            0%         N/A       100%        8
 Disjunction              Tloc           0%         N/A       100%        8


Dungeon Overview and Level Annotations

Branches:
Dungeon (4/15)
 Temple: D:4-7

Altars:
Ashenzari
Dithmenos
Makhleb
Qazlal
Vehumet
Wu Jian
Yredelemnul

Shops:
D:1 [   D:2 (


Message History

No target in view!
No target in view!
A wight comes into view. It is wielding a +4 war axe.
A wight is nearby!
A wight comes into view. It is wielding a +0 spear.
There is a stone staircase leading up here.
The wight barely misses you.
You climb upwards.
There is a stone staircase leading down here.
You hit the wight but do no damage. The wight hits you with a +4 war axe.
You feel drained.
You completely miss the wight. You block the wight's attack.
You closely miss the wight. The wight closely misses you.
You slash the wight!
The wight is heavily damaged.
The wight completely misses you. The wight hits you with a +4 war axe!
You feel drained.
You hit the wight but do no damage.
The wight is heavily damaged.
The wight hits you with a +4 war axe!
You feel drained.
You are too injured to fight recklessly!
You are too injured to fight recklessly!
You hit the wight but do no damage.
The wight is heavily damaged.
The wight hits you with a +4 war axe!
* * * LOW HITPOINT WARNING * * *
You feel drained.
* * * LOW HITPOINT WARNING * * *
You closely miss the wight.
The wight is heavily damaged.
You block the wight's attack.
You closely miss the wight.
The wight is heavily damaged.
You block the wight's attack.
You barely miss the wight.
The wight is heavily damaged.
The wight hits you with a +4 war axe.
* * * LOW HITPOINT WARNING * * *
The wight hits you with a +4 war axe.
You die...

##.##
#.##.#######
#...# #.#
#.##.##....#
##... #.#
##.##.##.####
##.. ###.#
#..##.##.#
##########.
....#
#.###.##.#
#........##
#####
#.###.##.#
#.#########
#.##...#.####.#
#
#.##.z........#
#
#.##..@#.######
# #.######.# #
####### #.# #.#
# ......# #.#
#.# ### #..##.#
#.# #.# #..
'...#.#####.#
#.# #..
#..>........#
#.# ###
##.##########
#.### # #.#
#...# #


You could see a wight.

Vanquished Creatures
  A vampire bat (D:3)
  Natasha (D:2)
  3 adders
  3 gnolls
  2 dart slugs
  3 fire bats (D:3)
  4 orcs
  2 spectral bats (D:3)
  5 ball pythons
  3 bat skeletons (D:3)
  9 endoplasms
  3 giant cockroaches
  11 goblins
  4 hobgoblins
  3 jackals (D:1)
  2 quokkas
  14 bats
  A bat simulacrum (D:3)
  3 frilled lizards
  3 kobolds
  5 rats
85 creatures vanquished.

Vanquished Creatures (others)
  A bat zombie (D:3)
  A fungus (D:1)
2 creatures vanquished.

Grand Total: 87 creatures vanquished

Notes
Turn   | Place    | Note
-------+----------+-------------------------------------------
     0 | D:1      | BubbleThief the Hill Orc Fighter began the quest for the
                  | Orb.
     0 | D:1      | Reached XP level 1. HP: 19/19 MP: 1/1
    60 | D:1      | Found a faded altar of an unknown god.
    64 | D:1      | Reached skill level 3 in Axes
   120 | D:1      | Reached XP level 2. HP: 27/27 MP: 2/2
   261 | D:1      | Reached skill level 4 in Axes
   267 | D:1      | Reached XP level 3. HP: 32/33 MP: 3/3
   279 | D:1      | Found Cetaiwn's Antique Armour Boutique.
   868 | D:1      | Reached XP level 4. HP: 31/41 MP: 4/4
   944 | D:2      | Found Cixtan's Weapon Emporium.
   965 | D:2      | Noticed Natasha
   972 | D:2      | Killed Natasha
   973 | D:2      | Reached skill level 5 in Axes
  1274 | D:2      | Reached XP level 5. HP: 47/47 MP: 5/5
  1985 | D:3      | Found a basalt altar of Yredelemnul.
  2063 | D:3      | Found a shadowy altar of Dithmenos.
  2113 | D:3      | Reached skill level 5 in Fighting
  2113 | D:3      | Reached skill level 6 in Axes
  2199 | D:3      | Reached XP level 6. HP: 30/54 MP: 6/6
  2323 | D:3      | Reached skill level 7 in Axes
  2537 | D:3      | Found a stormy altar of Qazlal.
  2537 | D:3      | Found a broken altar of Ashenzari.
  2537 | D:3      | Found an ornate altar of the Wu Jian Council.
  2549 | D:3      | Found a radiant altar of Vehumet.
  2552 | D:3      | Found a burning altar of Makhleb.
  2801 | D:3      | HP: 1/48 [wight/+4 war axe (6)]
  2801 | D:3      | Slain by a wight

Illustrated notes

Levels and vault maps discovered:
D:1:      ebering_hopf_link, layout_loops_ring,
          shapermc_ecumenical_altar_ellora, serial_shops, shop_statue,
          minmay_domino_4
D:2:      layout_loops_ring, serial_shops, nicolae_shop_bloodbath_and_beyond,
          uniq_natasha
D:3:      layout_loops_ring, minmay_overflow_temple_star_hex,
          overflow_temple_1_default, grunt_dithmenos_smoke, grunt_decor_cap,
          serial_bayou_pond_d, goddamned_bats
D:4:      layout_gridville, chequers_decorated_corner, uniq_sigmund, uniq_ijyb

Skill      XL: |  1  2  3  4  5  6 |
---------------+-------------------+-----
Axes           | 3 4 5 6 7 |  7.1
Fighting       | 4 5 |  5.5
Armour         | |  3.2
Shields        | |  3.2

Action                     |  1- 3 |  4- 6 || total
---------------------------+-------+-------++-------
  Melee: War axe           |   109 |   154 ||   263
 Armour: Scale mail        |    44 |    88 ||   132
  Dodge: Dodged            |    58 |   102 ||   160
  Block: Buckler           |    18 |    39 ||    57

Table legend: (Time is in decaauts)
 A = Elapsed time spent in this place.
 B = Non-inter-level travel time spent in this place.
 C = Inter-level travel time spent in this place.
 D = Time resting spent in this place.
 E = Time spent auto-exploring this place.
 F = Levels seen in this place.
 G = Mean time per level.
                   A        B        C        D        E       F      G
               +--------+--------+--------+--------+--------+-----+--------+
         Total |   2880 |   2763 |    117 |    140 |   2019 |   4 |  720.0 |
       Dungeon |   2880 |   2763 |    117 |    140 |   2019 |   4 |  720.0 |
               +--------+--------+--------+--------+--------+-----+--------+

Top non-repeatable levels by time:
     D:3: 1046 daAuts
     D:1: 1044 daAuts
     D:2: 772 daAuts
     D:4: 16 daAuts
